 Dungeon Crawl Stone Soup version 0.20-a0-830-g2c9a30d (webtiles) character file.

146 nikopol the Chopper (level 5, -2/70 HPs)
             Began as a Minotaur Berserker on Mar 6, 2017.
             Was a Believer of Trog.
             Slain by Grinder (4 damage)
             ... on level 3 of the Dungeon.
             The game lasted 00:03:21 (1627 turns).

nikopol the Chopper (Minotaur Berserker)            Turns: 1627, Time: 00:03:22

Health: -2/70      AC:  6    Str: 26    XL:     5   Next: 7%
Magic:  4/4        EV: 12    Int:  4    God:    Trog [**....]
Gold:   108        SH:  0    Dex: 11    Spells: 4/4 levels left

rFire    . . .     SeeInvis .   a - +0 hand axe
rCold    . . .     Gourm    .   o - +0 ring mail
rNeg     . . .     Faith    .   (no shield)
rPois    .         Spirit   .   (helmet restricted)
rElec    .         Reflect  .   (no cloak)
rCorr    .         Harm     .   d - +0 pair of gloves
MR       .....                  (no boots)
Stlth    ..........             (no amulet)
Regen    0.3/turn               (no ring)
MPRegen  0.1/turn               (no ring)

@: berserking, drained, very quick
A: retaliatory headbutt, horns 2
a: Berserk, Trog's Hand, Burn Spellbooks, Renounce Religion


You were on level 3 of the Dungeon.
You worshipped Trog.
Trog was pleased with you.
You were very hungry.

You visited 1 branch of the dungeon, and saw 3 of its levels.

You collected 108 gold pieces.

Inventory:

Hand Weapons
 a - a +0 hand axe (weapon)
Armour
 b - a +0 animal skin
 d - a +0 pair of gloves (worn)
 g - a +0 leather armour
 o - a +0 ring mail (worn)
Scrolls
 e - a scroll of teleportation {unknown}
 h - 4 scrolls of remove curse {unknown}
 j - 2 scrolls of fear {unknown}
 k - a scroll of blinking {unknown}
 l - a scroll of random uselessness {unknown}
 m - a scroll of recharging {unknown}
Potions
 n - a potion of agility {unknown}
 p - a potion of haste {unknown}
Comestibles
 c - 2 bread rations
 f - a royal jelly
 i - 4 fruits


   Skills:
 + Level 4.4(3.6) Fighting
 + Level 4.7(3.9) Axes
 + Level 3.9(3.1) Armour
 + Level 3.5(2.7) Dodging


You had 4 spell levels left.
You didn't know any spells.

Dungeon Overview and Level Annotations

Branches:
Dungeon (3/15)

Altars:

Annotations:
D:3 Grinder


Innate Abilities, Weirdness & Mutations

You reflexively headbutt those who attack you in melee.
You have a pair of horns on your head.


Message History

Grinder hits you.
You writhe in agony.
You hit Grinder.
Grinder is moderately wounded.
Grinder hits you.
* * * LOW HITPOINT WARNING * * *
You writhe in agony.
* * * LOW HITPOINT WARNING * * *
Wield which item (- for none, * to show all)? (? for menu, Esc to quit)
Okay, then.
A red film seems to cover your vision as you go berserk!
You feel yourself moving faster!
You feel mighty!
You are feeling very hungry.
Grinder gestures at you. You resist with significant effort.
You barely miss Grinder.
Grinder is moderately wounded.
Grinder hits you!
* * * LOW HITPOINT WARNING * * *
You writhe in agony.
You die...

#....)# #### ###.#.#.#
######..)..#
...(....###..........
#..[...............
#.>.<.......%##...
#....รท.....%..#.(#
####..#####.#..#..######
#^....# #.##.#).......
#.#..## #.##.)@5....%.
#.... #..?).........
##### #......#......
##.....#...... #..$..#
..... #.....# .....
#.....# .... #.....#
....


You could see Grinder.

Vanquished Creatures
  The ghost of Shenda the Gusty, a weakling DrAE (D:3)
  2 adders
  2 oozes (D:1)
  2 worms
  3 dart slugs
  4 leopard geckos
  An orc (D:3)
  6 bats
  4 giant cockroaches
  8 goblins
  10 hobgoblins
  2 jackals (D:2)
  2 quokkas
  2 ball pythons (D:2)
  2 frilled lizards (D:1)
  5 kobolds
  6 rats
62 creatures vanquished.

Notes
Turn   | Place    | Note
-------+----------+-------------------------------------------
     0 | D:1      | nikopol the Minotaur Berserker began the quest for the Orb.
     0 | D:1      | Reached XP level 1. HP: 19/19 MP: 0/0
   104 | D:1      | Reached XP level 2. HP: 23/27 MP: 1/1
   240 | D:1      | Reached XP level 3. HP: 25/33 MP: 2/2
   302 | D:1      | Reached ** piety under Trog
   972 | D:2      | Reached XP level 4. HP: 40/40 MP: 3/3
  1348 | D:3      | Noticed Shenda's ghost (weakling DrAE)
  1360 | D:3      | Killed Shenda's ghost
  1608 | D:3      | Noticed Grinder
  1609 | D:3      | Reached XP level 5. HP: 43/47 MP: 4/4
  1627 | D:3      | HP: 2/70 [Grinder (8)]
  1627 | D:3      | Slain by Grinder

Vault maps used:
D:1:      mainiacjoe_arrival_reflecting_pool, minmay_cupped
D:3:      cheibrodos_thug_alley, uniq_grinder

Skill      XL: |  1  2  3 |
---------------+----------+-----
Fighting       | 4 |  4.4
Armour         | 3 |  3.9
Axes           | 4 |  4.7
Dodging        | 3 |  3.5

Action                   |  1- 3 |  4- 6 || total
-------------------------+-------+-------++-------
Melee: Hand axe          |    88 |    68 ||   156
       Headbutt          |    14 |    10 ||    24
Invok: Berserk           |       |     1 ||     1
 Stab: Sleeping          |     1 |       ||     1
       Distracted        |       |     1 ||     1
  Eat: Chunk             |       |     2 ||     2
Armor: Animal skin       |    10 |       ||    10
       Leather armour    |    11 |       ||    11
       Ring mail         |     1 |    22 ||    23
Dodge: Dodged            |    51 |    37 ||    88
